AoeStats
← 体制少妇白洁

African Clearing

506638505Analyzed
4v4 RM · 18d ago on Sep 14, 2026· 33m 53s· 8 players
Game mode
Random Map
Map size
Large (8 player)
Population
200
Speed
Normal
Resources
Standard
Victory
Conquest
Starting age
Dark Age
Ending age
Imperial Age
RankedLock teamsTeams togetherTeam positionsShared explorationLock speedFull tech treeHidden civsTurbo modeCheats
Victory
Defeat
🇭🇰 Chinese · Hong Kong SAR China
1546
+12
🇨🇳 Berbers · China
1441
+16
🇨🇳 Spanish · China
1423
+17
🇨🇳 Magyars · China
1399
+18
🇫🇮 Mongols · Finland
1496
-18
🇧🇷 Turks · Brazil
1440
-15
🇫🇮 Huns · Finland
1429
-15
🇩🇪 Jurchens · Germany
1422
-15
twitch.tv/markola86
5:56 Loom
12:56 Feudal Age
16:08 Forging
16:03 Scale Barding Armor
18:31 Bloodlines
18:59 Wheelbarrow
19:04 Gold Mining
21:45 Fletching
25:44 Castle Age
24:52 Town Watch
25:16 Double-Bit Axe
25:13 Horse Collar
25:58 Scale Mail Armor
30:49 Husbandry
vladtepes
10:46 Feudal Age
10:06 Loom
11:51 Double-Bit Axe
15:59 Forging
21:08 Castle Age
21:14 Fletching
21:16 Gold Mining
21:44 Bloodlines
21:50 Bodkin Arrow
22:06 Bow Saw
22:53 Padded Archer Armor
23:05 Husbandry
29:22 Ballistics
Markki22 kela.fi
12:51 Feudal Age
11:09 Loom
12:54 Feudal Age
17:12 Castle Age
17:08 Double-Bit Axe
20:18 Fletching
22:07 Bodkin Arrow
26:50 Thumb Ring
27:59 Ballistics
30:08 Bow Saw
32:02 Padded Archer Armor
Kullervo
10:45 Loom
12:46 Feudal Age
13:37 Loom
13:43 Double-Bit Axe
16:19 Castle Age
14:24 Horse Collar
14:40 Stone Mining
14:43 Loom
17:20 Bow Saw
22:45 Town Watch
27:04 Fletching
30:18 Wheelbarrow
33:53 Imperial Age
31:49 Bodkin Arrow
32:26 Padded Archer Armor
32:47 Ballistics
32:48 Hand Cart
33:49 Leather Archer Armor
虎!虎!虎!
9:13 Loom
14:24 Feudal Age
16:15 Town Watch
19:14 Double-Bit Axe
23:35 Castle Age
22:21 Horse Collar
24:43 Bow Saw
26:38 Scale Barding Armor
34:25 Coinage
33:50 Heated Shot
34:28 Ballistics
咽语习言
10:37 Loom
13:07 Feudal Age
14:49 Double-Bit Axe
17:05 Castle Age
17:22 Padded Archer Armor
24:02 Horse Collar
25:46 Leather Archer Armor
25:50 Gold Mining
26:44 Town Watch
27:35 Wheelbarrow
29:08 Husbandry
30:29 Bloodlines
30:48 Bow Saw
体制少妇白洁
2:57 Loom
12:41 Feudal Age
13:34 Double-Bit Axe
17:20 Castle Age
16:14 Fletching
17:24 Bloodlines
18:08 Bodkin Arrow
18:26 Gold Mining
20:04 Ballistics
24:04 Horse Collar
24:47 Bow Saw
27:16 Husbandry
30:09 Wheelbarrow
31:43 Gold Shaft Mining
32:16 Heavy Plow
32:30 Thumb Ring
33:51 Hand Cart
33:47 Stone Mining
cookie tin
10:04 Loom
12:11 Feudal Age
13:09 Double-Bit Axe
16:36 Bloodlines
17:55 Wheelbarrow
21:20 Town Watch
23:33 Scale Barding Armor
26:18 Castle Age
25:09 Stone Mining
26:21 Light Cavalry
27:20 Bow Saw
27:44 Chain Barding Armor
27:52 Horse Collar
29:44 Husbandry
34:01 Gold Mining
Connection lost

Rejoining the realm…

Still unreachable

The connection could not be restored.

Session expired

The server has moved on; the page needs a fresh start.